 Dungeon Crawl Stone Soup version 0.18-a0-659-gb9673d2 (webtiles) character file.

242722 Duffy the Shatterer (level 19, -37/200 HPs)
             Began as an Ogre Hunter on Dec 5, 2015.
             Was a High Priest of Cheibriados.
             Killed by Shatter
             ... invoked by Jorgrun
              (119 damage)
             ... on level 2 of the Snake Pit.
             The game lasted 01:41:27 (43751 turns).

Duffy the Shatterer (Ogre Hunter)                  Turns: 43751, Time: 01:41:27

Health: -37/200    AC: 14    Str: 41    XL:     19   Next: 85%
Magic:  29/29      EV:  1    Int: 23    God:    Cheibriados [*****.]
Gold:   2477       SH:  0    Dex: 23    Spells: 2 memorised, 24 levels left

rFire  . . .     SeeInvis +     a - +8 giant spiked club (elec)
rCold  . . .     Clarity  .     L - +4 troll leather armour
rNeg   + + +     SustAt   .     (shield currently unavailable)
rPois  ∞         Gourm    .     g - +2 hat
rElec  .         Spirit   .     q - +2 cloak of the Thief {+Fog Slay-2 SInv Stlth+}
rCorr  .         Dismiss  .     (gloves unavailable)
rMut   .         Stasis   .     (boots unavailable)
MR     +....                    S - amulet of faith
Stlth  +++.......               x - +6 ring of evasion
                                P - ring of poison resistance

@: petrified, very slow, somewhat resistant to hostile enchantments, fairly
stealthy
A: unfitting armour, tough skin 1
a: Bend Time, Temporal Distortion, Slouch, Step From Time, Renounce Religion,
Evoke Fog
}: 1/15 runes: barnacled


You were on level 2 of the Snake Pit.
You worshipped Cheibriados.
Cheibriados was extremely pleased with you.
You were not hungry.

You visited 7 branches of the dungeon, and saw 36 of its levels.
You visited 2 bazaars.
You also visited: Labyrinth, Sewer, Bailey, Ice Cave and Volcano.

You collected 4721 gold pieces.
You spent 2244 gold pieces at shops.


Innate Abilities, Weirdness & Mutations

You are too large for most types of armour.
You have tough skin (AC +1).


   Skills:
 - Level 14.8 Fighting
 - Level 24.2 Maces & Flails
 - Level 11.0 Throwing
 - Level 10.4 Dodging
 - Level 1.0 Stealth
 - Level 7.2 Spellcasting
 + Level 8.2 Transmutations
 + Level 8.3 Earth Magic
 - Level 10.5 Invocations
 - Level 7.5 Evocations


You had 24 spell levels left.
You knew the following spells:

 Your Spells              Type           Power        Failure   Level  Hunger
a - Statue Form           Trmt/Erth      #####....    41%         6    ######.
c - Stoneskin             Trmt/Erth      #####...     1%          2    None

Inventory:

Hand Weapons
 a - a +8 giant spiked club of electrocution (weapon)
 b - a +5 blowgun
Missiles
 d - 8 throwing nets
 e - 18 javelins of penetration
 p - 22 large rocks
 w - 73 javelins
 B - 16 curare-tipped needles
 H - 17 javelins of returning (quivered)
Armour
 g - a +2 hat (worn)
 q - the +2 cloak of the Thief (worn) {+Fog Slay-2 SInv Stlth+}

   It affects your accuracy and damage with ranged weapons and melee attacks
   (-2).
   It lets you see invisible.
   It can be evoked to emit clouds of fog.
   It makes you more stealthy.
 L - a +4 troll leather armour (worn)
Jewellery
 m - an uncursed ring of protection from cold
 x - a +6 ring of evasion (right hand)
 M - an uncursed ring of protection from magic
 P - a ring of poison resistance (left hand)
 S - an amulet of faith (around neck)
 U - the ring of Zontot {+Fly rElec rF++}

   [ring of flight]

   It greatly protects you from fire.
   It insulates you from electricity.
   It lets you fly.
Wands
 v - a wand of fire (4)
 y - a wand of teleportation (7)
 C - a wand of digging (3)
 D - a wand of invisibility (1)
 G - a wand of cold (5)
 O - a wand of cold (7)
 Q - a wand of disintegration (3)
 R - a wand of draining (8)
 Y - a wand of fire (5)
Scrolls
 h - 2 scrolls of enchant armour
 o - 13 scrolls of remove curse
 r - 3 scrolls of fear
 s - 8 scrolls of recharging
 t - 8 scrolls of identify
 A - 2 scrolls of fog
 I - 16 scrolls of teleportation
 J - 9 scrolls of immolation
 N - 6 scrolls of blinking
 W - 6 scrolls of magic mapping
Potions
 c - 3 potions of magic
 f - 11 potions of brilliance
 i - 16 potions of curing
 k - 2 potions of agility
 l - 4 potions of might
 n - a potion of cure mutation
 u - 4 potions of resistance
 z - a potion of invisibility
 E - 7 potions of heal wounds
 K - a potion of flight
 V - 2 potions of cancellation
Comestibles
 j - 20 fruits
 F - 7 royal jellies

Dungeon Overview and Level Annotations

Branches:
Dungeon (15/15)            Temple (1/1) D:4            Lair (8/8) D:11
 Shoals (4/4) Lair:4        Snake (2/4) Lair:4        Slime (0/6) Lair:8
    Orc (4/4) D:9             Elf (2/3) Orc:3        Vaults (0/5) D:13
 Depths (0/5) D:15

Altars:
Ashenzari
Cheibriados
Dithmenos
Elyvilon
Fedhas
Gozag
Kikubaaqudgha
Makhleb
Nemelex Xobeh
Okawaru
Pakellas
Qazlal
Ru
Sif Muna
Trog
Vehumet
Xom
Yredelemnul
Zin
The Shining One

Shops:
D:5 [   D:7 =   D:9 *   Orc:3 :*?%   Orc:4 %*:**   Elf:2 !

Annotations:
Snake:2 Jorgrun
Elf:2 3 runed doors


Message History

You see here 20 stones.
A naga mage comes into view.
No target in view!
No target in view!
Jorgrun Earthshaker comes into view.
He is wielding a staff of earth.
Jorgrun shouts!
The naga mage shouts!
Jorgrun casts a spell at you.
You are slowing down.
Jorgrun points at you and mumbles some strange words.
You easily resist.
Your limbs are stiffening.
Jorgrun says, "Tha earth be me home, an' ye be trespassing!"
Jorgrun hits you but does no damage.
The naga mage gestures wildly while chanting.
The naga mage seems to speed up.
Jorgrun points at you and mumbles some strange words.
Your limbs have turned to stone.
Jorgrun completely misses you.
You have turned to stone.
The naga mage gestures at you while chanting.
Helpless, you fail to dodge the poison arrow.
You partially resist.
Jorgrun gestures wildly while chanting.
The dungeon rumbles around Jorgrun!
You shudder from the earth-shattering force.
Ouch! That really hurt!
Ka-crash!
The naga mage hits you but does no damage.
The naga mage grabs you. The naga mage constricts you.
The naga mage spits poison at you. The splash of poison hits you! You resist.
The naga mage constricts you.
Jorgrun casts a spell.
The dungeon rumbles around Jorgrun!
The naga mage dies!
You shudder from the earth-shattering force.
Ouch! That really hurt!
You die...

.#.######.#..# #..##....##.#..
.#.....#.^#..######.(.##..##..##.
)..#..........#..###...####....#.
#####(.#..#..##....#......#....##
.......#..##.......#.###..#......
....####...#.#...###...##.#......
.......#########.#..(...#.......#
#.......#.#......#..(."##.#....##
##..#####.##....@#..)..#..##...#
.#..# #.......#[g#.....#.#.#####
.##.###....# ....##.###..#.....##
..###......#..#..#....#....#....#
...#....<..#.....##.%.#.#.##....#
..)#....#######...###)###..#...##
...##...# ###.#....#...###.#
##......# ##>...#.....###
####..## #...###....#


You could see Jorgrun.

Action                   |  1- 3 |  4- 6 |  7- 9 | 10-12 | 13-15 | 16-18 | 19-21 || total
-------------------------+-------+-------+-------+-------+-------+-------+-------++-------
Melee: Dagger            |    73 |   167 |    86 |       |       |       |       ||   326
       Short sword       |     4 |       |       |       |       |       |       ||     4
       Giant spiked club |       |       |   200 |   556 |   750 |  1111 |   290 ||  2907
 Fire: Blowgun           |       |       |    58 |    18 |     1 |       |       ||    77
Throw: Tomahawk          |     1 |     8 |    10 |    18 |    59 |    77 |     9 ||   182
       Large rock        |       |       |     3 |    12 |    10 |       |       ||    25
       Javelin           |       |       |       |       |     5 |       |    30 ||    35
Invok: Slouch            |       |       |       |     6 |    24 |    21 |    12 ||    63
 Abil: Evoke Invisibilit |       |       |       |       |     3 |       |       ||     3
       Turn Visible      |       |       |       |       |     1 |       |       ||     1
Evoke: Wand              |       |       |       |     3 |     2 |     4 |     4 ||    13
  Use: Scroll            |       |    11 |     3 |    13 |    17 |    23 |     1 ||    68
       Potion            |       |       |       |     2 |     5 |     2 |     1 ||    10
 Stab: Sleeping          |     3 |     1 |     8 |    10 |     3 |     6 |     4 ||    35
       Distracted        |     1 |       |     1 |     2 |     4 |     3 |       ||    11
       Invisible         |       |       |       |       |    24 |     1 |    10 ||    35
  Eat: Chunk             |     4 |     7 |     9 |    12 |    17 |    27 |     4 ||    80
       Pizza             |       |       |       |     2 |       |       |       ||     2
       Beef jerky        |       |       |       |       |     2 |       |       ||     2
       Royal jelly       |       |       |       |       |       |     2 |     2 ||     4
       Fruit             |       |       |       |       |       |       |     6 ||     6

Notes
Turn   | Place    | Note
--------------------------------------------------------------
     0 | D:1      | Duffy the Ogre Hunter began the quest for the Orb.
     0 | D:1      | Reached XP level 1. HP: 22/22 MP: 1/1
   175 | D:1      | Reached skill level 1 in Stealth
   589 | D:1      | Found a glowing golden altar of the Shining One.
   619 | D:1      | Reached skill level 3 in Fighting
   622 | D:1      | Reached XP level 2. HP: 26/31 MP: 2/2
   840 | D:1      | Reached skill level 2 in Dodging
  1666 | D:2      | Reached XP level 3. HP: 39/39 MP: 3/3
  1725 | D:2      | Reached skill level 4 in Fighting
  2420 | D:3      | Found an opulent altar of Gozag.
  2429 | D:3      | Reached XP level 4. HP: 47/49 MP: 4/4
  2500 | D:3      | Noticed Jessica
  2516 | D:3      | Killed Jessica
  2516 | D:3      | Reached skill level 5 in Fighting
  2591 | D:3      | Noticed Duffy's ghost (amateur OgHu)
  2664 | D:4      | Reached skill level 3 in Dodging
  2664 | D:4      | Reached XP level 5. HP: 54/57 MP: 5/5
  2801 | D:4      | Found a staircase to the Ecumenical Temple.
  2810 | Temple   | Entered the Ecumenical Temple
  3178 | D:4      | Reached skill level 6 in Fighting
  3178 | D:4      | Reached XP level 6. HP: 55/67 MP: 6/6
  3390 | D:4      | Reached skill level 4 in Dodging
  3412 | D:4      | Found a sparkling altar of Nemelex Xobeh.
  3869 | D:5      | Entered Level 5 of the Dungeon
  4012 | D:5      | Reached skill level 1 in Maces & Flails
  4026 | D:5      | Found a glowing drain.
  4033 | Sewer    | Entered a sewer
  4149 | Sewer    | Reached skill level 2 in Maces & Flails
  4305 | Sewer    | Reached XP level 7. HP: 67/76 MP: 7/7
  4351 | Sewer    | Reached skill level 3 in Maces & Flails
  4764 | D:5      | Found Ducwato's Antique Armour Shoppe.
  4809 | D:5      | Reached skill level 4 in Maces & Flails
  4874 | D:5      | Reached skill level 5 in Maces & Flails
  5112 | D:5      | Noticed Menkaure
  5116 | D:5      | Killed Menkaure
  5116 | D:5      | Reached skill level 6 in Maces & Flails
  5349 | D:5      | Found a snail-covered altar of Cheibriados.
  5355 | D:5      | Became a worshipper of Cheibriados the Contemplative
  5419 | D:5      | Found a deep blue altar of Sif Muna.
  5427 | D:5      | Reached skill level 7 in Maces & Flails
  5624 | D:5      | Reached XP level 8. HP: 72/84 MP: 8/8
  5729 | D:5      | Reached * piety under Cheibriados
  5729 | D:5      | Reached skill level 8 in Maces & Flails
  5962 | D:6      | Reached skill level 9 in Maces & Flails
  6372 | D:6      | Reached ** piety under Cheibriados
  6372 | D:6      | Reached skill level 10 in Maces & Flails
  6548 | D:6      | Found a shadowy altar of Dithmenos.
  6551 | D:6      | Found a burning altar of Makhleb.
  6670 | D:6      | Reached skill level 11 in Maces & Flails
  6958 | D:6      | Found a deep blue altar of Sif Muna.
  7115 | D:7      | Reached XP level 9. HP: 92/92 MP: 9/9
  7349 | D:7      | Noticed Prince Ribbit
  7363 | D:7      | Killed Prince Ribbit
  7363 | D:7      | Reached skill level 12 in Maces & Flails
  7407 | D:7      | Noticed a centaur skeleton
  7417 | D:7      | Killed a centaur skeleton
  7417 | D:7      | Reached skill level 7 in Fighting
  7448 | D:7      | Found Sotub's Jewellery Boutique.
  7546 | D:7      | Noticed Dowan
  7547 | D:7      | Noticed Duvessa
  7555 | D:7      | Killed Duvessa
  7580 | D:7      | Killed Dowan
  8227 | D:7      | Reached skill level 8 in Fighting
  8355 | D:7      | Reached skill level 13 in Maces & Flails
  8356 | D:7      | Reached *** piety under Cheibriados
  8356 | D:7      | Reached skill level 5 in Dodging
  8515 | D:7      | Reached XP level 10. HP: 104/104 MP: 10/10
  9002 | D:3      | Killed Duffy's ghost
  9002 | D:3      | Reached skill level 6 in Dodging
  9511 | D:8      | Reached skill level 14 in Maces & Flails
  9736 | D:8      | Reached **** piety under Cheibriados
  9969 | D:9      | Found Zin's Purification Station.
  9969 | D:9      | Found a glowing silver altar of Zin.
 10009 | D:9      | Found an ancient bone altar of Kikubaaqudgha.
 10127 | D:9      | Found a basalt altar of Yredelemnul.
 10239 | D:9      | Reached skill level 5 in Throwing
 10242 | D:9      | Got a translucent iron ring
 10283 | D:9      | Noticed Psyche
 10291 | D:9      | Killed Psyche
 10679 | D:9      | Found a white marble altar of Elyvilon.
 10733 | D:9      | Reached ***** piety under Cheibriados
 10890 | D:9      | Reached skill level 6 in Throwing
 10951 | D:9      | Found a staircase to the Orcish Mines.
 11011 | D:9      | Reached skill level 1 in Invocations
 11041 | D:9      | Reached skill level 15 in Maces & Flails
 11385 | D:7      | Bought an uncursed amulet of faith for 480 gold pieces
 11440 | D:10     | Entered Level 10 of the Dungeon
 11445 | D:10     | Reached skill level 2 in Invocations
 11521 | D:10     | Reached skill level 3 in Invocations
 11521 | D:10     | Reached XP level 11. HP: 84/111 MP: 11/13
 11566 | D:10     | Found a flagged portal.
 11583 | Bailey   | Entered a bailey
 11607 | Bailey   | Reached skill level 4 in Invocations
 11835 | Bailey   | Identified the ring of Atestrum {rElec rF+ Str-2 Dex+3} (You found it on level 9 of the Dungeon)
 11856 | Bailey   | Reached ****** piety under Cheibriados
 11966 | D:10     | Reached skill level 5 in Invocations
 12226 | D:10     | Reached skill level 16 in Maces & Flails
 12545 | D:10     | Paralysed by a wasp for 1 turns
 12548 | D:10     | Noticed Urug
 12548 | D:10     | Reached skill level 6 in Invocations
 12555 | D:10     | Killed Urug
 13305 | D:10     | Reached skill level 7 in Invocations
 13645 | D:11     | Found a staircase to the Lair.
 13672 | Lair:1   | Entered Level 1 of the Lair of Beasts
 13760 | D:11     | Reached skill level 17 in Maces & Flails
 13812 | D:11     | Reached skill level 8 in Invocations
 13991 | D:11     | Reached XP level 12. HP: 120/120 MP: 18/18
 14459 | D:12     | Noticed Frances
 14609 | Lair:1   | Reached skill level 9 in Fighting
 14766 | Lair:1   | Reached skill level 7 in Throwing
 15492 | Lair:1   | Identified Ateutuj's Guide on Arcane Weapons and Lightness (You found it on level 1 of the Lair of Beasts)
 15530 | Lair:2   | Reached skill level 7 in Dodging
 15619 | Lair:2   | Found a radiant altar of Vehumet.
 15697 | Lair:2   | Noticed Gastronok
 15768 | Lair:2   | Killed Gastronok
 15944 | Lair:2   | Reached skill level 10 in Fighting
 16193 | Lair:2   | Reached skill level 18 in Maces & Flails
 16377 | Lair:2   | Reached skill level 8 in Throwing
 16562 | Lair:3   | Noticed a four-headed hydra
 16568 | Lair:3   | Killed a four-headed hydra
 16568 | Lair:3   | Reached XP level 13. HP: 98/135 MP: 19/19
 16819 | Lair:3   | Reached skill level 9 in Throwing
 17326 | Lair:4   | Noticed Snorg
 17339 | Lair:4   | Killed Snorg
 17423 | Lair:4   | Noticed Maud
 17438 | Lair:4   | Killed Maud
 17598 | Lair:4   | Reached skill level 19 in Maces & Flails
 17705 | Lair:4   | Reached skill level 10 in Throwing
 17740 | Lair:4   | Found a staircase to the Snake Pit.
 17970 | Lair:4   | Found a staircase to the Shoals.
 18231 | Lair:5   | Found a labyrinth entrance.
 18255 | Lab      | Entered a labyrinth
 18425 | Lab      | Noticed a minotaur
 18432 | Lab      | Killed a minotaur
 18473 | Lab      | Identified the Volume of Weightlessness (You found it in a labyrinth)
 18545 | Lair:5   | Reached skill level 9 in Invocations
 18899 | Lair:5   | Reached XP level 14. HP: 132/144 MP: 11/21
 18906 | Lair:5   | Reached skill level 20 in Maces & Flails
 18906 | Lair:5   | Reached skill level 10 in Invocations
 19005 | Lair:5   | Noticed Kirke
 19893 | Lair:7   | Found a dark tunnel.
 19922 | Volcano  | Entered a volcano
 19937 | Volcano  | Reached skill level 1 in Evocations
 20278 | Lair:7   | Reached skill level 2 in Evocations
 20824 | Lair:7   | Reached skill level 3 in Evocations
 21004 | Lair:8   | Entered Level 8 of the Lair of Beasts
 21049 | Lair:8   | Reached skill level 4 in Evocations
 21105 | Lair:8   | Reached skill level 21 in Maces & Flails
 21118 | Lair:8   | Reached skill level 5 in Evocations
 21183 | Lair:8   | Found a frozen archway.
 21228 | IceCv    | Entered an ice cave
 21687 | IceCv    | Reached XP level 15. HP: 152/152 MP: 22/22
 21905 | IceCv    | Found an ancient bone altar of Kikubaaqudgha.
 22021 | IceCv    | Reached skill level 6 in Evocations
 22867 | Lair:8   | Found a staircase to the Slime Pits.
 23160 | Lair:8   | Reached skill level 22 in Maces & Flails
 23160 | Lair:8   | Reached skill level 7 in Evocations
 24163 | D:12     | Killed Frances
 24163 | D:12     | Reached skill level 11 in Fighting
 24163 | D:12     | Reached skill level 8 in Dodging
 24322 | D:12     | Reached skill level 23 in Maces & Flails
 24322 | D:12     | Reached XP level 16. HP: 162/162 MP: 23/23
 25529 | D:13     | Noticed Josephine
 25532 | D:13     | Killed Josephine
 25885 | D:13     | Reached XP level 17. HP: 137/170 MP: 24/24
 26377 | D:13     | Reached skill level 24 in Maces & Flails
 26497 | D:13     | Found a gate to the Vaults.
 26779 | D:14     | Found a flickering gateway to a bazaar.
 26788 | Bazaar   | Entered a bazaar
 26788 | Bazaar   | Found Woxitoq's Book Shoppe.
 26788 | Bazaar   | Found Fuafophexesm's Jewellery Shoppe.
 26788 | Bazaar   | Found Sead Woil's Weapon Shop.
 26790 | Bazaar   | Found Veok Anka's Food Shop.
 26790 | Bazaar   | Found Jokhaff's Antique Weapon Emporium.
 26835 | Bazaar   | Bought an uncursed ring of protection from magic for 200 gold pieces
 26864 | Bazaar   | Bought a glowing blowgun for 57 gold pieces
 26865 | Bazaar   | Bought a glowing blowgun for 57 gold pieces
 27390 | D:14     | Reached skill level 12 in Fighting
 27766 | D:14     | Found a blossoming altar of Fedhas.
 27821 | D:14     | Reached skill level 9 in Dodging
 28101 | D:15     | Entered Level 15 of the Dungeon
 28261 | D:15     | Found an ancient bone altar of Kikubaaqudgha.
 28672 | D:15     | Reached skill level 13 in Fighting
 28855 | D:15     | Noticed Sonja
 28868 | D:15     | Killed Sonja
 29004 | D:15     | Found a staircase to the Depths.
 29133 | D:15     | Reached skill level 10 in Dodging
 29220 | D:15     | Found a snail-covered altar of Cheibriados.
 29221 | D:15     | Noticed Rupert
 29221 | D:15     | Paralysed by Rupert for 3 turns
 29234 | D:15     | Killed Rupert
 29426 | D:15     | Reached skill level 14 in Fighting
 29832 | Orc:1    | Entered Level 1 of the Orcish Mines
 30832 | Orc:3    | Noticed Nessos
 30833 | Orc:3    | Found Koato's Magic Scroll Boutique.
 30839 | Orc:3    | Killed Nessos
 30863 | Orc:3    | Found Rutocosa's Food Shop.
 30982 | Orc:3    | Found Ufritopa's Assorted Antiques.
 30992 | Orc:3    | Found a staircase to the Elven Halls.
 31102 | Orc:3    | Noticed Erolcha
 31108 | Orc:3    | Killed Erolcha
 31414 | Orc:4    | Entered Level 4 of the Orcish Mines
 31467 | Orc:3    | Found Solereis's Book Emporium.
 31811 | Orc:4    | Found Rifucaw's Assorted Antiques.
 32225 | Orc:4    | Found Emmoegea's Assorted Antiques.
 32225 | Orc:4    | Found Wublil's Book Shoppe.
 32226 | Orc:4    | Found Furghuh's General Store.
 32226 | Orc:4    | Found Ikunko's Food Boutique.
 32431 | Orc:3    | Bought a scroll labeled TOMOACZ TUCYDE for 30 gold pieces
 32459 | Orc:3    | Bought a scroll of identify for 30 gold pieces
 32459 | Orc:3    | Bought a scroll of identify for 30 gold pieces
 32459 | Orc:3    | Bought a scroll of identify for 30 gold pieces
 32459 | Orc:3    | Bought a scroll of enchant armour for 112 gold pieces
 32459 | Orc:3    | Bought a scroll of teleportation for 45 gold pieces
 32459 | Orc:3    | Bought a scroll of enchant weapon for 112 gold pieces
 32459 | Orc:3    | Bought a scroll of identify for 30 gold pieces
 32459 | Orc:3    | Bought a scroll of identify for 30 gold pieces
 32506 | Orc:4    | Bought a scroll of magic mapping for 45 gold pieces
 32506 | Orc:4    | Bought a potion of heal wounds for 65 gold pieces
 32525 | Orc:4    | Bought a large moonstone ring for 120 gold pieces
 32525 | Orc:4    | Bought a scroll of blinking for 180 gold pieces
 32525 | Orc:4    | Bought a lead wand for 96 gold pieces
 32799 | Elf:1    | Entered Level 1 of the Elven Halls
 32855 | Elf:1    | Reached XP level 18. HP: 165/192 MP: 25/25
 32898 | Elf:1    | Learned a level 2 spell: Stoneskin
 32905 | Elf:1    | Learned a level 6 spell: Statue Form
 33057 | Elf:1    | Reached skill level 11 in Throwing
 33261 | Elf:1    | Reached skill level 1 in Transmutations
 33391 | Elf:1    | Reached skill level 1 in Earth Magic
 33687 | Elf:1    | Got a scorched wooden ring
 33688 | Elf:1    | Identified the ring of Zontot {+Fly rElec rF++} (You found it on level 1 of the Elven Halls)
 33698 | Elf:1    | Reached skill level 1 in Spellcasting
 34137 | Elf:2    | Reached skill level 2 in Spellcasting
 34258 | Elf:2    | Reached skill level 2 in Transmutations
 34381 | Elf:2    | Reached skill level 2 in Earth Magic
 34499 | Elf:2    | Found a runed gate.
 34499 | Elf:2    | Found a runed gate.
 34519 | Elf:2    | Found a runed gate.
 34773 | Elf:2    | Found Entomathewk's Distillery.
 34781 | Elf:2    | Bought a potion of resistance for 170 gold pieces
 35138 | Shoals:1 | Entered Level 1 of the Shoals
 35168 | Shoals:1 | Found a flickering gateway to a bazaar.
 35177 | Bazaar   | Entered a bazaar
 35177 | Bazaar   | Found Fuokin's Antique Weapon Shoppe.
 35177 | Bazaar   | Found Uwyhu's Magic Scroll Emporium.
 35218 | Bazaar   | Found Otoizeth's Food Shoppe.
 35232 | Bazaar   | Found Naoheso's General Store.
 35251 | Bazaar   | Bought a scroll of brand weapon for 200 gold pieces
 35251 | Bazaar   | Bought a scroll of identify for 20 gold pieces
 35251 | Bazaar   | Bought a scroll of identify for 20 gold pieces
 35251 | Bazaar   | Bought a scroll of identify for 20 gold pieces
 35251 | Bazaar   | Bought a scroll of magic mapping for 35 gold pieces
 35251 | Bazaar   | Bought a scroll of teleportation for 30 gold pieces
 35275 | Shoals:1 | Reached skill level 3 in Spellcasting
 35435 | Shoals:1 | Reached skill level 3 in Transmutations
 35584 | Shoals:1 | Reached skill level 3 in Earth Magic
 36292 | Shoals:2 | Reached skill level 4 in Spellcasting
 36292 | Shoals:2 | Reached skill level 4 in Transmutations
 36508 | Shoals:2 | Reached skill level 4 in Earth Magic
 37395 | Shoals:3 | Reached skill level 5 in Spellcasting
 37528 | Shoals:3 | Reached skill level 5 in Earth Magic
 37530 | Shoals:3 | Reached skill level 5 in Transmutations
 38179 | Shoals:4 | Entered Level 4 of the Shoals
 38777 | Shoals:4 | Reached XP level 19. HP: 164/200 MP: 27/27
 38778 | Shoals:4 | Reached skill level 6 in Spellcasting
 38935 | Shoals:4 | Reached skill level 6 in Earth Magic
 38998 | Shoals:4 | Got a barnacled rune of Zot
 39212 | Shoals:4 | Noticed Ilsuiw
 39229 | Shoals:4 | Killed Ilsuiw
 39229 | Shoals:4 | Reached skill level 6 in Transmutations
 39801 | Shoals:4 | Reached skill level 7 in Spellcasting
 40280 | Shoals:3 | Reached skill level 7 in Earth Magic
 40555 | Lair:5   | Killed Kirke
 40555 | Lair:5   | Reached skill level 7 in Transmutations
 41126 | Snake:1  | Entered Level 1 of the Snake Pit
 41835 | Snake:1  | Noticed Aizul
 41850 | Snake:1  | Killed Aizul
 43091 | Snake:2  | Reached skill level 8 in Earth Magic
 43174 | Snake:2  | Reached skill level 8 in Transmutations
 43746 | Snake:2  | Noticed Jorgrun
 43751 | Snake:2  | Killed from afar by Jorgrun

Vault maps used:
D:1:      dpeg_arrival_central, corexii_item_surrounded_by_moat,
          minmay_misc_feat_diagonals, tso_metal_star
D:3:      grunt_gozag_statues, uniq_jessica
D:4:      nemelex_deck, minmay_temple_entry_mist, first_bread
D:5:      marbit_many_paths, kennysheep_mini_moat, serial_shops,
          nicolae_shop_stone, portal_sewer_entry_e, goddamned_bats,
          uniq_menkaure
D:6:      amethyst_overflow_temple_binary, led_sif_pool
D:7:      serial_shops, shop, st_stairs_7, uniq_prince_ribbit1, uniq_duvessa
D:9:      kennysheep_ying_yang, zin_purify, hiddenorc1_lemuel, basic_altar,
          uniq_psyche
D:10:     enter_bailey_2, hangedman_pestilent_swarm, hangedman_misty_isle,
          uniq_urug
D:11:     cheibrodos_magma_flow, grunt_lair_entry_elf_guard_hut
D:12:     special_room, uniq_frances
D:13:     grunt_vaults_entry_fortified, kb_tengu_band, uniq_josephine
D:14:     fedhas_altar_3, serial_shops, bzr_entry_dummy
D:15:     hangedman_depths_entry_civil_slaughter, basic_altar,
          dk_noncrumbling_4, spider_trap, cheibriados_altar_1, uniq_sonja,
          uniq_rupert
Temple:   triangle_lava_temple_11
Lair:1:   minmay_lair_oklob_items
Lair:2:   lemuel_centaur_altar, uniq_gastronok
Lair:4:   elwin_shoals_entry_rooms, minmay_snake_entry_guardpost_small,
          uniq_maud, uniq_snorg
Lair:5:   lab_entry_generic, uniq_kirke
Lair:6:   infiniplex_staircase_pool
Lair:7:   nicolae_volcano_entry_batcave, minivault_24, grunt_megastairs_4
Lair:8:   due_jungle_book, minmay_slime_entry_pillars,
          portal_ice_cave_entry_animals_and_master, st_stairs_10, minivault_26,
          serial_bayou_pond_e, minmay_lindwurm_lava
Shoals:1: serial_shops, freezing_bzr
Shoals:2: overgrown_statue
Shoals:4: shoals_end_hangedman, shoals_ilsuiw_alternative,
          nicolae_shoals_hunting_party
Snake:1:  grunt_megastairs_3, uniq_aizul
Snake:2:  uniq_jorgrun
Orc:1:    statue_in_the_mist_lemuel
Orc:3:    serial_shops, nicolae_shop_overgrown_old_shop, shop,
          nicolae_shop_stone, shop, nicolae_orc_pool_cavern, uniq_erolcha,
          uniq_nessos
Orc:4:    st_orc_elflike, serial_shops, shop
Elf:1:    evilmike_minifort, spider_trap, solitary_fountain
Elf:2:    serial_shops, shop_fountains, lemuel_elevator
Lab:      labyrinth_green, nicolae_lab_swirl, labyrinth_lava_lair,
          labyrinth_skeletal_remains
Bazaar:   bazaar_minmay_generic_island, bazaar_minmay_row
Sewer:    sewer_minmay_treatment
Bailey:   bailey_axe_1, bailey
IceCv:    ice_cave_small_necro
Volcano:  volcano_village

Vanquished Creatures
  Rupert
  A kraken Gastronok
  A shadow dragon (shapeshifter)
  Frances Kirke Ilsuiw Maud Aizul Nessos
  6 dire elephants
  A deep elf annihilator
  4 vault guards
  7 merfolk javelineers Snorg
  16 merfolk impalers
  A minotaur Josephine
  An ice dragon
  8 hydras
  7 naga warriors Erolcha
  2 anacondas
  4 merfolk avatars
  2 centaur warriors
  4 merfolk aquamancers
  2 dancing weapons
  A tengu warrior
  3 orc high priests
  5 naga sharpshooters Urug
  3 shock serpents
  10 death yaks Sonja
  8 deep elf knights
  3 skeletal warriors
  2 wizards
  11 sea snakes
  4 unseen horrors
  An unseen horror (shapeshifter)
  2 naga ritualists
  6 orc knights
  4 lindwurms
  7 deep elf summoners
  A deep troll
  7 hill giants
  4 deep elf conjurers
  An orb spider (shapeshifter)
  3 mana vipers
  17 harpies
  10 fauns
  An oklob plant
  5 water nymphs
  9 ugly things
  6 orc sorcerers
  6 manticores
  A moth of wrath (shapeshifter)
  5 cyclopes
  A necromancer
  5 salamanders
  3 centaur zombies
  8 sirens
  12 elephants
  5 naga magi
  2 molten gargoyles
  13 griffons
  An ice statue Psyche
  20 black mambas
  12 komodo dragons
  2 gargoyles
  4 centaur skeletons
  3 fire drakes
  A yaktaur (shapeshifter)
  An efreet
  2 yaktaurs
  15 spiny frogs
  A tengu conjurer
  5 deep elf priests
  4 trolls
  3 wind drakes
  3 polar bears
  A wolf spider simulacrum
  29 merfolk
  10 freezing wraiths Prince Ribbit
  13 snapping turtles
  24 slime creatures
  3 two-headed ogres
  A raiju (shapeshifter)
  21 blink frogs
  6 wraiths
  3 trapdoor spiders
  12 water elementals
  The ghost of Duffy the Chucker, an amateur OgHu
  17 hippogriffs
  11 deep elf magi
  3 wyverns
  58 yaks
  A shadow
  4 hungry ghosts
  11 vampire mosquitoes
  4 wargs
  4 basilisks
  6 hogs
  3 steam dragons
  A mottled dragon
  14 deep elf fighters Menkaure
  2 insubstantial wisps
  2 soldier ants
  A death yak simulacrum
  21 nagas
  12 porcupines
  9 water moccasins
  14 sky beasts Duvessa
  A hornet simulacrum
  31 orc warriors
  8 ice beasts
  A black bear
  13 ogres
  A phantom
  5 wasps
  9 centaurs
  23 crocodiles
  16 big kobolds
  26 giant frogs
  A gnoll sergeant
  A wyvern zombie Dowan
  13 wights
  3 water moccasin skeletons
  6 scorpions
  3 killer bees
  A quasit
  6 electric eels
  A vampire bat
  9 hounds
  7 lava snakes
  7 crimson imps
  7 draconian simulacra
  3 giant frog zombies
  A gnoll shaman
  6 jellies
  A giant frog skeleton
  6 iguanas
  27 orc priests Jessica
  4 troll simulacra
  2 spriggan simulacra
  12 worker ants
  36 orc wizards
  4 hell rats
  A polar bear simulacrum
  2 centaur simulacra
  A wolf simulacrum
  11 sheep
  A hound zombie
  2 hound skeletons
  A worker ant zombie
  4 naga simulacra
  17 adders
  12 gnolls
  An ogre simulacrum
  12 white imps
  88 river rats
  3 shadow imps
  An ooze
  An adder zombie
  5 worms
  2 adder skeletons
  4 giant geckos
  186 orcs
  2 spectral bats
  3 bat skeletons
  A bat zombie
  8 fire bats
  A giant cockroach
  7 goblins
  7 hobgoblins
  3 jackals
  4 quokkas
  7 ball pythons
  27 bats
  A bat simulacrum
  4 giant newts
  A jackal skeleton
  42 kobolds
  A quokka zombie
  32 rats
  A bush
  35 fungi
  36 plants
  17 tentacles
  175 tentacle segments
1751 creatures vanquished.
